 Dungeon Crawl Stone Soup version 0.31-a0-626-g8143ab4f1d (webtiles) character file.

Game seed: 34632430252402158

42 Maratek the Trooper (level 3, -1/31 HPs)
             Began as a Demigod Fighter on Aug 24, 2023.
             Slain by a gnoll
             ... wielding a +1 heavy spear
              (7 damage)
             ... on level 2 of the Dungeon.
             The game lasted 00:00:45 (802 turns).

Maratek the Trooper (Demigod Fighter)                Turns: 802, Time: 00:00:45

Health: -1/31      AC:  6    Str: 21    XL:     3   Next: 17%
Magic:  5/5        EV:  9    Int: 10    God:
Gold:   36         SH:  4    Dex: 13    Spells: 2/2 levels left

rFire   . . .        a - +0 war axe
rCold   . . .        c - +0 buckler
rNeg    . . .        b - +0 scale mail
rPois   .            (no helmet)
rElec   .            (no cloak)
rCorr   .            (no gloves)
SInv    .            (no boots)
Will    .....        (no amulet) Stlth
                     (no ring)
HPRegen 0.25/turn    (no ring)
MPRegen 0.09/turn

%: no passive effects
@: no status effects
A: high MP 1, forlorn, divine attributes
a: no special abilities


You were on level 2 of the Dungeon.
You visited 1 branch of the dungeon, and saw 2 of its levels.

You collected 36 gold pieces.

Inventory:

Hand Weapons
 a - a +0 war axe (weapon)
Armour
 b - a +0 scale mail (worn)
 c - a +0 buckler (worn)
Scrolls
 e - 2 scrolls of blinking {unknown}
 g - a scroll of teleportation {unknown}
 h - a scroll of fear {unknown}
Potions
 d - a potion of might
 f - a potion of attraction {unknown}
 i - a potion of invisibility {unknown}


   Skills:
 + Level 3.1 Fighting
 + Level 2.2 Axes
 + Level 3.1 Armour
 + Level 0.1 Dodging
 + Level 3.0 Shields


You had 2 spell levels left.
You didn't know any spells.
Your spell library was empty.

Dungeon Overview and Level Annotations

Branches:
Dungeon (2/15)


Innate Abilities, Weirdness & Mutations

You have an increased reservoir of magic. (+10% MP)
You shall have no god before yourself.
Your divine heritage dramatically boosts your attributes as you level up.


Message History

The gnoll is severely wounded.
The gnoll hits you with a +0 club.
You closely miss the gnoll. You slash the gnoll!
The gnoll is severely wounded.
You block the gnoll's attack. x2
You hit the gnoll but do no damage.
The gnoll is severely wounded.
The gnoll hits you with a +0 flail.
You slash the gnoll!
You kill the gnoll!
Your Fighting skill increases to level 3!
Your Axes skill increases to level 2!
Your Armour skill increases to level 3!
Your Shields skill increases to level 3!
You hit the gnoll.
The gnoll is severely wounded.
You block the gnoll's attack. The gnoll barely misses you.
You hit the gnoll.
You kill the gnoll!
You block the gnoll's attack.
You slash the gnoll!
The gnoll is almost dead.
You block the gnoll's attack.
You slash the gnoll!
You kill the gnoll!
You have reached level 3!
Your experience leads to a dramatic increase in your attributes!
Increase (S)trength, (I)ntelligence, or (D)exterity?
You feel stronger. x4
You closely miss the hobgoblin.
The hobgoblin hits you but does no damage.
The gnoll hits you from afar with a +1 heavy spear!
The hobgoblin hits you but does no damage.
You barely miss the hobgoblin.
The gnoll hits you from afar with a +1 heavy spear.
* * * LOW HITPOINT WARNING * * *
You block the hobgoblin's attack.
You hit the hobgoblin but do no damage. The hobgoblin closely misses you.
The gnoll hits you from afar with a +1 heavy spear!
You die...

..8.# ....#
#####
g.8.#####...<
....#.....###
..8.#........
.g! #########
########.###
#......
#...@ggg...#
#.#.###
#.##########
#.#.# # #.#
##.#.### #.#
#.......
###.#
#.....##
#...#
#.....##
#.###
#.....## #.#
#.....## #.#
#######.####


You could see a gnoll and 2 hobgoblins.

Vanquished Creatures
  3 gnolls (D:2)
  2 ball pythons (D:1)
  A bat (D:1)
  2 endoplasms
  2 goblins (D:1)
  A frilled lizard (D:1)
  A kobold (D:1)
  A rat (D:2)
13 creatures vanquished.

Notes
Turn   | Place    | Note
-------+----------+-------------------------------------------
     0 | D:1      | Maratek the Demigod Fighter began the quest for the Orb.
     0 | D:1      | Reached XP level 1. HP: 18/18 MP: 3/3
   631 | D:2      | Reached XP level 2. HP: 25/25 MP: 4/4
   800 | D:2      | Reached XP level 3. HP: 21/31 MP: 5/5
   802 | D:2      | Slain by a gnoll

Illustrated notes

Levels and vault maps discovered:
D:1:      dpeg_arrival_refuge, layout_loops_cross, chequers_hall_statues_y
D:2:      layout_loops_ring, shapermc_ecumenical_altar_ellora, basic_altar,
          grunt_ministairs_3, minmay_crystal_room

Skill      XL: |  1  2 |
---------------+-------+-----
Fighting       | 3 |  3.1
Axes           | 2 |  2.2
Armour         | 3 |  3.1
Shields        | 3 |  3.0
Dodging        | |  0.1

Action                     || total
---------------------------++-------
  Melee: War axe           ||    37
 Armour: Scale mail        ||    16
  Dodge: Dodged            ||    14
  Block: Buckler           ||    10

Table legend: (Time is in decaauts)
 A = Elapsed time spent in this place.
 B = Non-inter-level travel time spent in this place.
 C = Inter-level travel time spent in this place.
 D = Time resting spent in this place.
 E = Time spent auto-exploring this place.
 F = Levels seen in this place.
 G = Mean time per level.
                   A        B        C        D        E       F      G
               +--------+--------+--------+--------+--------+-----+--------+
         Total |    818 |    786 |     32 |      0 |    687 |   2 |  409.0 |
       Dungeon |    818 |    786 |     32 |      0 |    687 |   2 |  409.0 |
               +--------+--------+--------+--------+--------+-----+--------+

Top non-repeatable levels by time:
     D:1: 634 daAuts
     D:2: 183 daAuts
